 Dungeon Crawl Stone Soup version 0.17-a0-530-gbe3d13a (webtiles) character file.

849 karlm the Firebug (level 8, 0/62 HPs)
             Began as a Naga Wizard on Apr 12, 2015.
             Slain by a hell rat (17 damage)
             ... on level 5 of the Dungeon.
             The game lasted 00:18:20 (6601 turns).

karlm the Firebug (Naga Wizard)                     Turns: 6601, Time: 00:18:21

Health: 0/62       AC:  6    Str: 11    XL:     8   Next: 1%
Magic:  19/21      EV:  9    Int: 20    God:
Gold:   208        SH:  0    Dex:  9    Spells: 6 memorised, 0 levels left

rFire  . . .     SeeInvis +     m - +4 hand axe
rCold  . . .     Clarity  .     H - +1 robe "Jizol" {MP+9}
rNeg   . . .     SustAb   +     (no shield)
rPois  +         Gourm    +     D - +0 helmet
rElec  .         Spirit   .     u - +0 cloak
rCorr  .         Warding  .     (no gloves)
rMut   .         Stasis   .     (no barding)
MR     +....                    t - amulet of the gourmand (curse)
Stlth  ++........               (no ring)
                                K - ring of sustain abilities

@: drained, very slow, somewhat resistant to hostile enchantments, unstealthy
A: see invisible, deformed body, poison resistance, slowness 2, spit poison 2,
AC +2
a: Spit Poison


You were on level 5 of the Dungeon.
You were not hungry.

You visited 1 branch of the dungeon, and saw 5 of its levels.

You collected 208 gold pieces.

Inventory:

Hand weapons
 m - a +4 hand axe (weapon)
 G - a +0 blowgun
Missiles
 a - 36 poisoned needles
 b - 5 javelins
 g - 223 stones (quivered)
 r - 8 poisoned tomahawks
 y - 5 curare-tipped needles
Armour
 h - a +2 robe of cold resistance
 u - a +0 cloak (worn)
 D - a +0 helmet (worn)
 F - a +0 buckler
 H - the +1 robe "Jizol" (worn) {MP+9}
   (You found it on level 5 of the Dungeon)

   It affects your magic capacity (+9).
Jewellery
 t - a cursed amulet of the gourmand (around neck)
 K - a ring of sustain abilities (left hand)
Magical devices
 k - a wand of teleportation (0)
 A - a wand of paralysis (8)
Scrolls
 e - 3 scrolls of identify
 i - a scroll of immolation
 j - a scroll of enchant armour
 l - a scroll of teleportation
 z - a scroll of remove curse
Potions
 p - 2 potions of restore abilities {unknown}
 q - 2 potions of lignification {unknown}
 s - a potion of mutation {unknown}
 w - 2 potions of cancellation {unknown}
 x - 2 potions of heal wounds {unknown}
 C - a potion of curing
Books
 c - a book of Minor Magic

   Spells                             Type                      Level
   a - Magic Dart                     Conjuration                  1
   b - Blink                          Translocation                2
   c - Call Imp                       Summoning                    2
   d - Repel Missiles                 Charms/Air                   2
   e - Slow                           Hexes                        2
   f - Conjure Flame                  Conjuration/Fire             3
   g - Mephitic Cloud                 Conjuration/Poison/Air       3
 o - a book of Burglary

   Spells                             Type                      Level
   a - Swiftness                      Charms/Air                   2
   b - Passwall                       Transmutation/Earth          3
   c - Passage of Golubria            Translocation                4
   d - Lee's Rapid Deconstruction     Earth                        5
   e - Invisibility                   Hexes                        6
   f - Darkness                       Hexes                        7
 v - a Young Poisoner's Handbook

   Spells                             Type                      Level
   a - Sting                          Conjuration/Poison           1
   b - Cure Poison                    Poison                       2
   c - Mephitic Cloud                 Conjuration/Poison/Air       3
   d - Olgreb's Toxic Radiance        Poison                       4
   e - Venom Bolt                     Conjuration/Poison           5
Comestibles
 d - 6 bread rations
 f - 3 fruits
 n - 2 meat rations
 B - 2 chunks of flesh
 E - a slice of pizza


   Skills:
 - Level 1.5(1.2) Dodging
 - Level 3.0(2.6) Stealth
 - Level 3.0(2.6) Spellcasting
 + Level 4.8(4.5) Conjurations
 + Level 0.2(0.0) Charms
 + Level 4.4(4.0) Summonings
 - Level 1.0(0.6) Translocations
 * Level 5.4(5.0) Fire Magic


You couldn't memorise any spells.
You knew the following spells:

 Your Spells              Type           Power        Failure   Level  Hunger
a - Magic Dart            Conj           ###.         2%          1    None
b - Call Imp              Summ           ###.....     4%          2    ##.....
c - Conjure Flame         Conj/Fire      ###.....     10%         3    ###....
d - Mephitic Cloud        Conj/Pois/Air  #.......     24%         3    ###....
e - Blink                 Tloc           N/A          21%         2    ##.....
f - Swiftness             Chrm/Air       #.......     24%         2    ##.....


Dungeon Overview and Level Annotations

Branches:
Dungeon (5/15)
 Temple: D:4-7

Altars:
Fedhas
Makhleb
Okawaru
Ru
The Shining One


Innate Abilities, Weirdness & Mutations

You cannot wear boots.
Your serpentine skin is tough (AC +2).
You have supernaturally acute eyesight.
Armour fits poorly on your strangely shaped body.
Your system is resistant to poisons.
You cover ground very slowly.
You can spit poison.


Message History

A river rat comes into view.
The hell rat bites you!
* * * LOW HITPOINT WARNING * * *
Casting: Magic Dart
Confirm with . or Enter, or press ? or * to list all spells.
A beastly little devil appears in a puff of flame.
The hell rat bites you!
* * * LOW HITPOINT WARNING * * *
You feel drained.
* * * LOW HITPOINT WARNING * * *
Drink which item? (? for menu, Esc to quit)
You feel better. The hell rat closely misses you.
A rat comes into view.
Read which item? (? for menu, Esc to quit)
Okay, then.
Evoke which item? (* to show all) (? for menu, Esc to quit)
Zapping:
k - a wand of teleportation {zapped: 2} (will waste charges)
Press: ? - help, Shift-Dir - straight line, f - you Nothing appears to happen.
The hell rat bites you!
You die...

#...#### #.......
#....### . #....# # .##
#....# # . ..# ##
#....# # ... #.#.
#####....# #
#..##r#######รท#......#
# #..rr@5##..#.##....#
# #..r###.%######....#
# #.#... #### ##'#.#
##.###. #.#.# #.# #r
#.#.# #. ## #.#.# . #.#
# .


You could see a hell rat, a river rat, 2 rats and a friendly crimson imp.

Vanquished Creatures
  Menkaure (D:3)
  A crimson imp (D:2)
  2 orc wizards (D:4)
  3 gnolls (D:4)
  4 adders
  2 worms
  4 giant geckos
  An ooze (D:2)
  7 orcs
  A ball python (D:4)
  11 bats
  4 giant cockroaches
  5 hobgoblins
  7 kobolds
  A quokka (D:3)
  8 giant newts
  11 goblins
  20 rats
93 creatures vanquished.

Vanquished Creatures (collateral kills)
  The ghost of ZiggyStardust the Chiller, an average OpIE of Vehumet (D:3)
  Sigmund (D:3)
  A phantom (D:4)
  An ogre (D:4)
  3 orc priests (D:4)
  The ghost of Yermak the Sneak, a weakling SpEn of Ashenzari (D:4)
  4 orc wizards
  A giant frog skeleton (D:5)
  2 worker ants (D:5)
  Robin (D:3)
  A gnoll (D:4)
  3 adders
  13 orcs
  A giant cockroach (D:2)
  5 hobgoblins
  A bat (D:4)
  2 giant geckos (D:4)
  11 goblins
  A rat (D:4)
54 creatures vanquished.

Vanquished Creatures (others)
  3 crimson imps
  An iron imp (D:5)
  3 white imps (D:3)
  3 shadow imps
10 creatures vanquished.

Grand Total: 157 creatures vanquished

Notes
Turn   | Place    | Note
--------------------------------------------------------------
     0 | D:1      | karlm, the Naga Wizard, began the quest for the Orb.
     0 | D:1      | Reached XP level 1. HP: 15/15 MP: 4/4
   320 | D:1      | Reached XP level 2. HP: 22/22 MP: 4/6
   324 | D:1      | Learned a level 2 spell: Call Imp
   581 | D:2      | Found an iron altar of Okawaru.
   964 | D:2      | Found a blossoming altar of Fedhas.
   978 | D:2      | Reached XP level 3. HP: 25/28 MP: 0/7
   983 | D:2      | Learned a level 3 spell: Conjure Flame
  1328 | D:2      | Found a burning altar of Makhleb.
  1628 | D:3      | Found a sacrificial altar of Ru.
  1641 | D:3      | Reached XP level 4. HP: 34/36 MP: 1/8
  1643 | D:3      | Reached skill level 1 in Fire Magic
  1820 | D:3      | Noticed Sigmund
  2215 | D:2      | HP: 1/36 [crimson imp (2)]
  2473 | D:2      | Reached XP level 5. HP: 28/42 MP: 1/9
  2573 | D:2      | Learned a level 3 spell: Mephitic Cloud
  2610 | D:3      | Killed Sigmund
  2775 | D:3      | Found a glowing golden altar of the Shining One.
  2993 | D:3      | Noticed Robin
  3015 | D:3      | Reached XP level 6. HP: 39/49 MP: 7/10
  3452 | D:3      | Noticed ZiggyStardust's ghost (average OpIE)
  3470 | D:3      | Killed ZiggyStardust's ghost
  3674 | D:3      | Found a glowing golden altar of the Shining One.
  3816 | D:3      | Killed Robin
  3947 | D:4      | Noticed Yermak's ghost (weakling SpEn)
  4053 | D:4      | Noticed Menkaure
  4054 | D:4      | Reached skill level 4 in Fire Magic
  4342 | D:3      | Killed Menkaure
  4342 | D:3      | Reached XP level 7. HP: 25/55 MP: 1/11
  4595 | D:4      | Killed Yermak's ghost
  4921 | D:4      | Reached skill level 5 in Fire Magic
  5307 | D:4      | Learned a level 2 spell: Blink
  6035 | D:5      | Entered Level 5 of the Dungeon
  6054 | D:5      | Got a sheer robe
  6065 | D:5      | Identified the +1 robe "Jizol" {MP+9} (You found it on level 5 of the Dungeon)
  6367 | D:5      | Reached XP level 8. HP: 62/62 MP: 12/12
  6378 | D:5      | Learned a level 2 spell: Swiftness
  6601 | D:5      | Slain by a hell rat

Action                   |  1- 3 |  4- 6 |  7- 9 || total
-------------------------+-------+-------+-------++-------
Melee: Hand axe          |    56 |   115 |    92 ||   263
 Cast: Magic Dart        |    33 |     2 |    11 ||    46
       Call Imp          |    15 |    47 |    45 ||   107
       Conjure Flame     |       |     2 |       ||     2
 Abil: Spit Poison       |     4 |     1 |     2 ||     7
  Use: Potion            |       |     1 |     1 ||     2
       Scroll            |       |       |     8 ||     8
 Stab: Paralysed         |     3 |       |       ||     3
       Sleeping          |     2 |       |       ||     2
       Distracted        |       |       |     1 ||     1
  Eat: Chunk             |     3 |    11 |     8 ||    22
       Pizza             |       |       |     1 ||     1
